 Dungeon Crawl Stone Soup version 0.24-a0-530-g18ba70b503 (webtiles) character file.

Game seed: 18324500998742063098

37 Mithandil the Chopper (level 3, 0/30 HPs)
             Began as a Minotaur Gladiator on Aug 7, 2019.
             Slain by Sigmund
             ... wielding a +0 scythe
              (4 damage)
             ... on level 2 of the Dungeon.
             The game lasted 00:06:50 (898 turns).

Mithandil the Chopper (Minotaur Gladiator)           Turns: 898, Time: 00:06:51

Health: 0/30       AC: 12    Str: 19    XL:     3   Next: 23%
Magic:  2/2        EV:  6    Int:  5    God:
Gold:   43         SH:  0    Dex: 11    Spells: 2/2 levels left

rFire    . . .     SeeInvis .   a - +0 war axe
rCold    . . .     Gourm    .   (no shield)
rNeg     . . .     Faith    .   o - +0 plate armour
rPois    .         Spirit   .   c - +0 hat
rElec    .         Reflect  .   s - +0 cloak
rCorr    .         Harm     .   u - +0 pair of gloves
MR       .....                  (no boots)
Stlth    ..........             (no amulet)
HPRegen  0.10/turn              (no ring)
MPRegen  0.08/turn              (no ring)

@: no status effects
A: retaliatory headbutt, horns 2
a: no special abilities


You were on level 2 of the Dungeon.
You were not hungry.

You visited 1 branch of the dungeon, and saw 3 of its levels.

You collected 43 gold pieces.

Inventory:

Hand Weapons
 a - a +0 war axe (weapon)
 b - a +0 spear
 j - a +0 dagger
 p - a +0 club
Missiles
 d - 3 throwing nets (quivered)
 k - 66 arrows
 q - 38 bolts
Armour
 c - a +0 hat (worn)
 o - a +0 plate armour (worn)
 s - a +0 cloak (worn)
 u - a +0 pair of gloves (worn)
Scrolls
 g - 2 scrolls of remove curse {unknown}
 i - 3 scrolls of identify {unknown}
 m - a scroll of enchant armour {unknown}
 n - a scroll of teleportation {unknown}
Potions
 e - 2 potions of heal wounds {unknown}
 h - 2 potions of flight {unknown}
 r - a potion of ambrosia {unknown}
 t - a potion of curing {unknown}
 v - a potion of might {unknown}
Comestibles
 f - 2 rations
 l - 2 chunks of flesh


   Skills:
 + Level 2.7 Fighting
 * Level 4.2 Axes
 * Level 2.6 Throwing
 + Level 0.9 Armour
 + Level 3.5 Dodging


You had 2 spell levels left.
You didn't know any spells.
Your spell library was empty.

Dungeon Overview and Level Annotations

Branches:
Dungeon (3/15)

Altars:

Annotations:
D:2 Sigmund


Innate Abilities, Weirdness & Mutations

You reflexively headbutt those who attack you in melee.
You have a pair of horns on your head.


Message History

You hit Sigmund. You headbutt Sigmund.
Sigmund is severely wounded.
Sigmund casts a spell at you.
The puff of flame hits you but does no damage.
You hit Sigmund.
Sigmund is severely wounded.
Sigmund barely misses you. You furiously retaliate!
You headbutt Sigmund, but do no damage. You barely miss Sigmund.
You headbutt Sigmund.
Sigmund is severely wounded.
Sigmund casts a spell.
Sigmund flickers and vanishes!
Deactivating autopickup; reactivate with Ctrl-A.
You miss something. Something hits you!
* * * LOW HITPOINT WARNING * * *
You hit something. Your headbutt misses something. Something hits you.
* * * LOW HITPOINT WARNING * * *
You closely miss something. Something hits you but does no damage.
You miss something. Your headbutt misses something. Something hits you.
You die...

....#.##...#
....#.##...######
....#.###........
.......##.########
...............#..
.......###.###.#.#
.......#
#...#.#.###
.......#
###.#.#.{.#
.......# #.#.#@###
###+#### #.#.#...#
... #.#.###.# #
#.#.....# #
#.####### # #.# .#
#.#


There were no monsters in sight!

Vanquished Creatures
  2 oozes
  A dart slug (D:1)
  3 leopard geckos
  5 goblins (D:1)
  A hobgoblin (D:2)
  5 kobolds
  2 bats (D:1)
  5 rats
24 creatures vanquished.

Notes
Turn   | Place    | Note
-------+----------+-------------------------------------------
     0 | D:1      | Mithandil the Minotaur Gladiator began the quest for the
                  | Orb.
     0 | D:1      | Reached XP level 1. HP: 18/18 MP: 0/0
   303 | D:1      | Reached XP level 2. HP: 22/25 MP: 1/1
   346 | D:2      | Reached skill level 4 in Axes
   837 | D:2      | Reached XP level 3. HP: 30/30 MP: 2/2
   882 | D:2      | Noticed Sigmund
   898 | D:2      | Slain by Sigmund

Levels and vault maps discovered:
D:1:      dpeg_arrival_short_road, layout_loops_cross
D:2:      layout_basic, marbit_many_paths, first_ration, uniq_sigmund
D:3:      layout_rooms, lemuel_old_faithful

Skill      XL: |  1  2 |
---------------+-------+-----
Axes           | 4 |  4.2
Fighting       | |  2.7
Throwing       | |  2.6
Armour         | |  0.9
Dodging        | |  3.5

Action                   || total
-------------------------++-------
Melee: War axe           ||    61
       Headbutt          ||     7
Armor: Plate armour      ||    28
       Leather armour    ||     2
Dodge: Dodged            ||    29

Table legend:
 A = Non-vault XP
 B = Vault XP
 C = Vault XP percentage of total XP
 D = Non-vault monster count
 E = Vault monster count
 F = Vault count percentage of total count
                 A         B        C        D         E       F
            +---------+---------+-------+---------+---------+-------
      Total |      54 |       0 |   0.0 |      24 |       0 |   0.0
            +---------+---------+-------+---------+---------+-------
        D:1 |      39 |       0 |   0.0 |      19 |       0 |   0.0
        D:2 |      15 |       0 |   0.0 |       5 |       0 |   0.0
            +---------+---------+-------+---------+---------+-------
